 Dungeon Crawl Stone Soup version 0.30-a0-777-ga9a30cbeda (webtiles) character file.

Game seed: 6871789027455476286

50 Flugslaktarn the Covered (level 3, -1/31 HPs)
             Began as a Demigod Fighter on Feb 13, 2023.
             Slain by a gnoll
             ... wielding a +0 spear
              (5 damage)
             ... on level 2 of the Dungeon.
             The game lasted 00:00:49 (1234 turns).

Flugslaktarn the Covered (Demigod Fighter)          Turns: 1234, Time: 00:00:49

Health: -1/31      AC:  7    Str: 21    XL:     3   Next: 35%
Magic:  5/5        EV:  9    Int: 10    God:
Gold:   54         SH:  4    Dex: 13    Spells: 2/2 levels left

rFire   . . .      SeeInvis .    a - +0 war axe
rCold   . . .      Faith    .    c - +0 buckler
rNeg    . . .      Spirit   .    b - +0 scale mail
rPois   .          Reflect  .    g - +0 helmet
rElec   .          Harm     .    (no cloak)
rCorr   .          Rampage  .    (no gloves)
Will    .....                    (no boots) Stlth
                                 (no amulet)
HPRegen 0.25/turn                (no ring)
MPRegen 0.09/turn                (no ring)

@: no status effects
A: high MP 1, forlorn, divine attributes
a: no special abilities


You were on level 2 of the Dungeon.
You visited 1 branch of the dungeon, and saw 2 of its levels.

You collected 54 gold pieces.

Inventory:

Hand Weapons
 a - a +0 war axe (weapon)
Armour
 b - a +0 scale mail (worn)
 c - a +0 buckler (worn)
 g - a +0 helmet (worn)
   (You found it on level 1 of the Dungeon)
Scrolls
 j - a scroll of teleportation {unknown}
 k - a scroll of fear {unknown}
Potions
 d - a potion of might
 e - 3 potions of heal wounds {unknown}
 f - a potion of degeneration {unknown}
 h - 2 potions of attraction {unknown}
 i - a potion of mutation {unknown}


   Skills:
 + Level 3.1 Fighting
 * Level 2.9 Axes
 + Level 3.1 Armour
 - Level 2.6 Shields


You had 2 spell levels left.
You didn't know any spells.
Your spell library was empty.

Dungeon Overview and Level Annotations

Branches:
Dungeon (2/15)

Shops:
D:2 (


Innate Abilities, Weirdness & Mutations

You have an increased reservoir of magic. (+10% MP)
You shall have no god before yourself.
Your divine heritage dramatically boosts your attributes as you level up.


Message History

As you open the door, it creaks loudly!
There is an open door here.
Found 5 stones.
Found a helmet.
You see here a +0 helmet.
The hobgoblin shouts!
The hobgoblin hits you but does no damage.
You slash the hobgoblin!
You kill the hobgoblin!
No target in view!
No target in view!
No target in view!
No target in view!
Press: ? - help, . - travel You can't see that place. [a rock wall.]
Okay, then.
You open the door.
There is an open door here.
An endoplasm comes into view.
The endoplasm quivers.
An endoplasm is nearby!
An endoplasm is nearby!
An endoplasm is nearby!
The endoplasm barely misses you.
You hit the endoplasm but do no damage. The endoplasm barely misses you.
You slash the endoplasm!
You kill the endoplasm!
No target in view!
No target in view!
No target in view!
A dart slug comes into view.
The dart slug launches a dart at you. The slug dart misses you.
A dart slug is nearby!
A dart slug is nearby!
A dart slug is nearby!
The dart slug launches a dart at you. The slug dart misses you.
You hit the dart slug.
The dart slug is lightly wounded.
The dart slug bites you but does no damage.
You slash the dart slug!
You kill the dart slug!
No target in view!
No target in view!
No target in view!
Found an escape hatch in the floor.
A worm comes into view.
Found a stone staircase leading down.
A worm is nearby!
Found a stone staircase leading up.
You hit the worm.
The worm is moderately wounded.
The worm completely misses you.
You slash the worm!
You kill the worm!
No target in view!
No target in view!
No target in view!
No target in view!
There is an escape hatch in the floor here.
k - a scroll labelled BAIWULUDAPS
There is an open door here.
A gnoll is nearby!
A gnoll is nearby! 3 gnolls come into view.
The gnoll shouts! x2
The gnoll moves out of view.
The gnoll barely misses you. The gnoll hits you with a +0 spear.
You barely miss the gnoll. You block the gnoll's attack. x2
The gnoll barely misses you. The gnoll closely misses you.
The gnoll hits you from afar with a +0 halberd!
The gnoll barely misses you. The gnoll hits you with a +0 whip.
You slash the gnoll!
The gnoll is almost dead.
You hit the gnoll. You block the gnoll's attack. x2
The gnoll closely misses you. The gnoll hits you but does no damage.
You closely miss the gnoll.
The gnoll is almost dead.
You slash the gnoll! The gnoll barely misses you. The gnoll closely misses you.
You block the gnoll's attack. x2
You closely miss the gnoll.
The gnoll is almost dead.
You barely miss the gnoll.
The gnoll hits you from afar with a +0 halberd. x2
* * * LOW HITPOINT WARNING * * *
The gnoll barely misses you. The gnoll hits you but does no damage.
The gnoll hits you with a +0 spear.
* * * LOW HITPOINT WARNING * * *
You block the gnoll's attack. The gnoll hits you but does no damage.
You block the gnoll's attack.
You are too injured to fight recklessly!
You are too injured to fight recklessly!
You are too injured to fight recklessly!
Unknown command.
Okay, then.
The gnoll attacks as you move away! The gnoll closely misses you.
The gnoll hits you from afar with a +0 spear.
You die...

..# #....#....##.#.........# ##
#.###.#..........#.......... ..#
#.#...........##.######.##'#
#..###.##.........#........#†####
#.................#.##...#.#.####
###.#.#.#..##.#.#...##...#g#.#..#
#........##.#.#.####...#.#.#...
#...#....##.#......'...#.#.#...
#.#.###.###..g@.####...#.#.#...
#.#.....###.g...# #...#.#.#...
####..........g## #...#.#.#...
#.......g...## ###...#.....
#.........#.. ##########
#............# #.......######
#.......#...# #.......#[#.####


You could see 4 gnolls.

Vanquished Creatures
  An adder (D:2)
  A worm (D:2)
  2 dart slugs
  4 endoplasms
  A giant cockroach (D:1)
  A goblin (D:2)
  2 hobgoblins
  5 ball pythons (D:1)
  6 bats (D:1)
  3 frilled lizards
  5 kobolds
  5 rats
36 creatures vanquished.

Notes
Turn   | Place    | Note
-------+----------+-------------------------------------------
     0 | D:1      | Flugslaktarn the Demigod Fighter began the quest for the
                  | Orb.
     0 | D:1      | Reached XP level 1. HP: 18/18 MP: 3/3
   181 | D:1      | Reached XP level 2. HP: 25/25 MP: 4/4
   996 | D:2      | Reached XP level 3. HP: 31/31 MP: 5/5
  1007 | D:2      | Found Eqeagoc's Antique Weapon Boutique.
  1234 | D:2      | Slain by a gnoll

Illustrated notes

Levels and vault maps discovered:
D:1:      minmay_arrival_four_loops, layout_loops_ring
D:2:      layout_basic, serial_shops, nicolae_square_shop,
          ebering_ecumenical_altar_sacrificial, serial_co_window_serial,
          co_window_paths_a, co_window_of_opportunity_a, co_window_cross_1,
          co_window_paths_b, co_window_of_opportunity_a,
          co_window_of_opportunity_a, co_window_corner_a, co_window_corner_b,
          co_window_2corner, co_window_paths_c, co_window_broadway_a,
          co_window_4corner_b, glass_columns_a, glass_columns_a, glass_columns_a

Skill      XL: |  1  2 |
---------------+-------+-----
Axes           | 2 |  2.9
Fighting       | 3 |  3.1
Armour         | 3 |  3.1
Shields        | |  2.6

Action                     || total
---------------------------++-------
  Melee: War axe           ||   117
 Armour: Scale mail        ||    69
  Dodge: Dodged            ||    66
  Block: Buckler           ||    32

Table legend: (Time is in decaauts)
 A = Elapsed time spent in this place.
 B = Non-inter-level travel time spent in this place.
 C = Inter-level travel time spent in this place.
 D = Time resting spent in this place.
 E = Time spent auto-exploring this place.
 F = Levels seen in this place.
 G = Mean time per level.
                   A        B        C        D        E       F      G
               +--------+--------+--------+--------+--------+-----+--------+
         Total |   1284 |   1267 |     17 |      0 |    960 |   2 |  642.0 |
       Dungeon |   1284 |   1267 |     17 |      0 |    960 |   2 |  642.0 |
               +--------+--------+--------+--------+--------+-----+--------+

Top non-repeatable levels by time:
     D:1: 811 daAuts
     D:2: 473 daAuts
